 Dungeon Crawl Stone Soup version 0.21.1-1-g345015f (webtiles) character file.

42 nicolaieve the Chopper (level 3, -2/31 HPs)
             Began as a Minotaur Berserker on June 19, 2018.
             Was a Believer of Trog.
             Slain by a gnoll
             ... wielding a +0 halberd
              (5 damage)
             ... on level 2 of the Dungeon.
             The game lasted 00:02:34 (735 turns).

nicolaieve the Chopper (Minotaur Berserker)          Turns: 735, Time: 00:02:36

Health: -2/31      AC:  5    Str: 21    XL:     3   Next: 33%
Magic:  2/2        EV: 11    Int:  4    God:    Trog [**....]
Gold:   22         SH:  0    Dex: 10    Spells: 2/2 levels left

rFire    . . .     SeeInvis .   a - +0 hand axe
rCold    + . .     Gourm    .   (no shield)
rNeg     . . .     Faith    .   d - +0 ring mail
rPois    +         Spirit   .   (helmet restricted)
rElec    .         Reflect  .   (no cloak)
rCorr    .         Harm     .   (no gloves)
MR       .....                  (no boots)
Stlth    ..........             (no amulet)
HPRegen  0.10/turn              e - ring of poison resistance
MPRegen  0.08/turn              h - ring of protection from cold

@: no status effects
A: retaliatory headbutt, horns 2
a: Berserk, Trog's Hand, Burn Spellbooks, Renounce Religion


You were on level 2 of the Dungeon.
You worshipped Trog.
Trog was pleased with you.
You were not hungry.

You visited 1 branch of the dungeon, and saw 2 of its levels.

You collected 22 gold pieces.

Inventory:

Hand Weapons
 a - a +0 hand axe (weapon)
Armour
 b - a +0 animal skin
 d - a +0 ring mail (worn)
Jewellery
 e - a ring of poison resistance (left hand)
 h - a ring of protection from cold (right hand)
Scrolls
 f - a scroll of teleportation {unknown}
Potions
 g - a potion of brilliance {unknown}
 i - a potion of degeneration {unknown}
Comestibles
 c - 5 rations
 j - a chunk of flesh


   Skills:
 - Level 3.6 Fighting
 + Level 5.4 Axes
 - Level 2.4 Armour
 - Level 2.1 Dodging


You had 2 spell levels left.
You didn't know any spells.

Dungeon Overview and Level Annotations

Branches:
Dungeon (2/15)

Altars:
Okawaru


Innate Abilities, Weirdness & Mutations

You reflexively headbutt those who attack you in melee.
You have a pair of horns on your head.


Message History

You furiously retaliate!
You headbutt the gnoll. You slash the gnoll!
You kill the gnoll!
Trog accepts your kill.
You can now call upon Trog for regeneration and magic resistance.
You hit the gnoll but do no damage. The gnoll misses you.
The gnoll hits you with a flail! The gnoll hits you but does no damage.
The gnoll closely misses you.
You see here a spear.
You hit the gnoll but do no damage. You hit the gnoll.
You barely miss the gnoll. The gnoll hits you but does no damage.
The gnoll closely misses you. x2; You furiously retaliate!
You headbutt the gnoll, but do no damage.
You hit the gnoll.
The gnoll is lightly wounded.
You hit the gnoll but do no damage. You hit the gnoll.
The gnoll hits you with a flail. The gnoll hits you with a halberd!
* * * LOW HITPOINT WARNING * * *
The gnoll hits you with a halberd.
You die...

.#####.#.#.#.###
#... # #.#...# #...
.# #.#.####### #...
.## #..........
...##..#####.#######
...................
#............######
#gg##.##.....#
#g@#...#.....#
#............######
#...._.............
#............######
#..#...#.....#
##.##.##.....#
#.......##.##
###....###.# ####.#
#.#


You could see 3 gnolls.

Vanquished Creatures
  A gnoll (D:2)
  A dart slug (D:1)
  4 leopard geckos
  A ball python (D:1)
  A bat (D:1)
  2 giant cockroaches (D:1)
  3 goblins (D:1)
  A hobgoblin (D:1)
  4 jackals (D:1)
  A frilled lizard (D:2)
  A kobold (D:1)
  4 rats (D:1)
24 creatures vanquished.

Notes
Turn   | Place    | Note
-------+----------+-------------------------------------------
     0 | D:1      | nicolaieve the Minotaur Berserker began the quest for the Orb.
     0 | D:1      | Reached XP level 1. HP: 19/19 MP: 0/0
    13 | D:1      | Reached skill level 4 in Axes
    38 | D:1      | Reached XP level 2. HP: 12/26 MP: 1/1
   270 | D:1      | Reached skill level 5 in Axes
   636 | D:1      | Reached XP level 3. HP: 31/31 MP: 2/2
   674 | D:2      | Found an iron altar of Okawaru.
   732 | D:2      | Reached ** piety under Trog
   735 | D:2      | Slain by a gnoll

Skill      XL: |  1  2 |
---------------+-------+-----
Axes           | 4 5 |  5.4
Fighting       | |  3.6
Armour         | |  2.4
Dodging        | |  2.1

Action                   || total
-------------------------++-------
Melee: Hand axe          ||    51
       Headbutt          ||     2
Armor: Animal skin       ||     2
       Ring mail         ||     6
Dodge: Dodged            ||    46
